 Dungeon Crawl Stone Soup version 0.30.1-9-gdf580d7c3d (webtiles) character file.

Game seed: 8085492953522167339

2662 sizableburger the Spear-Bearer (level 9, -3/81 HPs)
             Began as a Merfolk Delver on Oct 1, 2023.
             Was a Priest of Kikubaaqudgha.
             Slain by an acid dragon (8 damage)
             ... on level 8 of the Dungeon on Oct 3, 2023.
             The game lasted 00:26:22 (9583 turns).

sizableburger the Spear-Bearer (Merfolk Delver)     Turns: 9583, Time: 00:26:23

Health: -3/81      AC:  0    Str: 14    XL:     9   Next: 63%
Magic:  0/16       EV: 12    Int: 11    God:    Kikubaaqudgha [***...]
Gold:   355        SH:  5    Dex: 16    Spells: 11/18 levels left

rFire   . . .        f - +0 trident
rCold   . . .        o - +2 buckler
rNeg    + . .        a - +0 steam dragon scales
rPois   .            (no helmet)
rElec   .            (no cloak)
rCorr   .            u - +2 pair of gloves
SInv    .            (no boots)
Will    .....        i - amulet of guardian spirit
Stlth   +++          h - ring of positive energy
HPRegen 0.33/turn    (no ring)
MPRegen 0.15/turn

%: guardian spirit
@: corroded, invisible
A: (nimble swimmer 2), mertail, robust 1
a: Renounce Religion, Unearth Wretches


You were on level 8 of the Dungeon.
You worshipped Kikubaaqudgha.
Kikubaaqudgha was most pleased with you.
You visited 1 branch of the dungeon, and saw 8 of its levels.

You collected 482 gold pieces.
You spent 127 gold pieces at shops.

Inventory:

Hand Weapons
 f - a +0 trident (weapon)
Missiles
 l - a curare-tipped dart (quivered)
 t - 2 throwing nets
Armour
 a - +0 steam dragon scales (worn)
 o - a +2 buckler (worn)
 u - a +2 pair of gloves (worn)
Jewellery
 h - a ring of positive energy (left hand)
 i - an amulet of guardian spirit (around neck)
 x - an amulet of faith
Wands
 g - a wand of digging (2)
Scrolls
 b - 2 scrolls of identify
 c - 2 scrolls of fog
 d - 4 scrolls of magic mapping
 k - a scroll of silence
 p - a scroll of butterflies
 q - a scroll of fear
 r - a scroll of enchant armour
 y - a scroll of brand weapon {unknown}
 z - a scroll of enchant weapon {unknown}
Potions
 e - a potion of flight
 m - a potion of attraction
 n - 2 potions of magic
 s - a potion of haste
 v - 2 potions of degeneration
 A - a potion of brilliance


   Skills:
 - Level 8.0 Fighting
 + Level 9.1 Polearms
 + Level 3.2 Dodging
 - Level 5.6 Stealth
 + Level 5.3 Spellcasting
 + Level 4.8 Necromancy


You had 11 spell levels left.
You knew the following spells:

 Your Spells              Type           Power      Damage    Failure   Level
a - Vampiric Draining     Necr           13%        2d6       12%         3
b - Animate Dead          Necr           13%        N/A       36%         4

Your spell library contained the following spells:

 Spells                   Type           Power      Damage    Failure   Level
 Necrotise                Necr           52%        1d6       4%          1
 Cigotuvi's Dreadful Rot  Necr/Pois/Air  12%        N/A       22%         2
 Beastly Appendage        Tmut           4%         N/A       28%         1
 Dispel Undead            Necr           13%        3d9       36%         4
 Wereblood                Tmut           2%         N/A       41%         2
 Call Canine Familiar     Summ           2%         N/A       65%         3
 Ignite Poison            Fire/Tmut/Pois 2%         N/A       65%         3
 Portal Projectile        Hex/Tloc       4%         N/A       65%         3
 Spider Form              Tmut/Pois      2%         N/A       65%         3
 Anguish                  Hex/Necr       4%         N/A       71%         4
 Leda's Liquefaction      Hex/Erth       1%         N/A       96%         4
 Sticky Flame             Conj/Fire      2%         2d3       96%         4
 Borgnjor's Vile Clutch   Necr/Erth      4%         N/A       96%         5
 Simulacrum               Ice/Necr       4%         N/A       100%        6
 Ignition                 Fire           1%         3d3       100%        8


Dungeon Overview and Level Annotations

Branches:
Dungeon (8/15)             Temple (0/1) D:4            Lair (0/5) D:8

Altars:
Fedhas
Hepliaklqana
Kikubaaqudgha
Qazlal
Vehumet
Xom

Shops:
D:7 =   D:8 *


Innate Abilities, Weirdness & Mutations

((You are very nimble when in or above water. (Stealth+, EV+, Speed+++)))
Your lower body shifts to a powerful aquatic tail in water.
You are robust. (+10% HP)


Message History

Aiming: Fastroot
Press: ? - help, Shift-Dir - straight line, p - acid dragon The roots erupt in riotous growth!
Roots grab the acid dragon.
The now-empty wand crumbles to dust.
The grasping roots constrict the acid dragon.
The acid dragon completely misses you. The acid dragon barely misses you.
Unknown command.
Okay, then.
Okay, then.
You hit the acid dragon but do no damage.
The acid dragon is heavily wounded.
The grasping roots constrict the acid dragon.
The roots release their grip on the acid dragon.
You closely miss the acid dragon.
The acid dragon is severely wounded.
The acid dragon closely misses you. x2
You hit the acid dragon.
The acid dragon is almost dead.
You block the acid dragon's attack. The acid dragon claws you.
You hit the acid dragon but do no damage.
The acid dragon is almost dead.
The acid dragon spits acid at you. The splash of acid hits you!
* * * LOW HITPOINT WARNING * * *
You barely miss the acid dragon.
The acid dragon is almost dead.
The acid dragon bites you!
* * * LOW HITPOINT WARNING * * *
The acid dragon claws you.
* * * LOW HITPOINT WARNING * * *
Okay, then.
Press: ? - help, v - describe, . - travel, g - get item
Here: an acid dragon (almost dead, catching its breath) Item here: a curare-tipped dart.
The floor.
You fade into invisibility!
The acid dragon bites you!
You die...
Kikubaaqudgha rasps: "You have failed me!
Welcome... death!"

#.....######## ..
#....
#.....##...... .
#....
#.....#.......
#....
#.....#.......
'.>..
#.....'.......
.#....
#.....########
###...#
#.....##.(..####.
######
#........D.......
#.....
#........@.(.....
#.....
#................
#.....
#.....##'#####...
##....
#.....##...# .
#...#
#...†......#
##..?#
#........###
#..... #........#
#..... #.....##.#
#..... #.....####
#....#


You could see an acid dragon (unable to see you, catching breath).

Vanquished Creatures
  Eustachio (D:6)
  A steam dragon (D:6)
  2 water moccasins
  2 ice beasts (D:5)
  3 ogres
  3 centaurs (D:6)
  3 bullfrogs
  A gnoll sergeant (D:4)
  2 scorpions
  4 howler monkeys
  3 jellies
  2 hounds (D:5)
  8 orc priests
  9 orc wizards
  9 gnolls
  7 adders
  2 shadow imps
  A white imp (D:8)
  4 ufetubi
  2 worms (D:2)
  4 dart slugs
  39 orcs
  6 bat zombies (D:3)
  5 endoplasms
  4 giant cockroaches
  5 hobgoblins
  4 jackals (D:2)
  5 quokkas
  8 ball pythons
  6 bats
  4 frilled lizards (D:1)
  4 goblins
  8 kobolds
  6 rats
  3 rat zombies (D:3)
180 creatures vanquished.

Notes
Turn   | Place    | Note
-------+----------+-------------------------------------------
     0 | D:5      | sizableburger the Merfolk Delver began the quest for the
                  | Orb.
     0 | D:5      | Reached XP level 1. HP: 18/18 MP: 1/1
    21 | D:4      | Noticed a jelly
    22 | D:4      | Noticed a gnoll sergeant
    23 | D:4      | Noticed a scorpion
   125 | D:3      | Reached skill level 3 in Polearms
   125 | D:3      | Reached XP level 2. HP: 13/24 MP: 2/2
   331 | D:1      | Reached XP level 3. HP: 23/30 MP: 3/3
  1532 | D:2      | Reached skill level 4 in Polearms
  1536 | D:2      | Reached XP level 4. HP: 31/37 MP: 2/4
  2300 | D:3      | Found a faded altar of an unknown god.
  2356 | D:3      | Found an ancient bone altar of Kikubaaqudgha.
  2461 | D:3      | Became a worshipper of Kikubaaqudgha
  2552 | D:3      | Identified the +1 short sword "Buzaerab" {flame, rN+ Will+
                  | Str+2}
  2842 | D:3      | Found a radiant altar of Vehumet.
  2963 | D:3      | Reached XP level 5. HP: 26/43 MP: 2/5
  3377 | D:4      | Gained mutation: You are robust. (+10% HP) [potion of
                  | mutation]
  3385 | D:4      | Reached skill level 1 in Spellcasting
  3385 | D:4      | Reached skill level 1 in Necromancy
  3385 | D:4      | HP: 3/70 [adder (2)]
  3388 | D:4      | Reached skill level 5 in Polearms
  3416 | D:4      | Reached skill level 5 in Fighting
  3416 | D:4      | Reached XP level 6. HP: 11/56 MP: 2/8
  3667 | D:4      | Reached * piety under Kikubaaqudgha
  3667 | D:4      | Received a gift from Kikubaaqudgha
  3882 | D:4      | Found a staircase to the Ecumenical Temple.
  4060 | D:4      | HP: 2/56 [orc priest/+0 flail (8)]
  4153 | D:4      | Reached XP level 7. HP: 23/61 MP: 2/10
  4584 | D:5      | Reached skill level 6 in Polearms
  5111 | D:5      | Found a hazy altar of Hepliaklqana.
  5114 | D:5      | Found a stormy altar of Qazlal.
  5272 | D:5      | Reached ** piety under Kikubaaqudgha
  5501 | D:5      | Reached XP level 8. HP: 45/70 MP: 6/12
  6095 | D:6      | Reached skill level 7 in Polearms
  6290 | D:6      | Learned a level 3 spell: Vampiric Draining
  6517 | D:6      | Noticed Eustachio
  6595 | D:6      | Killed Eustachio
  6596 | D:6      | Reached skill level 8 in Polearms
  6596 | D:6      | Reached XP level 9. HP: 10/79 MP: 5/15
  6808 | D:6      | Learned a level 4 spell: Animate Dead
  7938 | D:7      | Found a shimmering altar of Xom.
  8003 | D:7      | Found Isocan's One-of-a-Kind Rings.
  8932 | D:8      | Reached skill level 5 in Spellcasting
  9129 | D:8      | Reached skill level 9 in Polearms
  9157 | D:8      | Reached *** piety under Kikubaaqudgha
  9157 | D:8      | Received a gift from Kikubaaqudgha
  9315 | D:8      | Found a blossoming altar of Fedhas.
  9418 | D:8      | Found Yriapsor's Assorted Antiques.
  9439 | D:8      | Bought a runed buckler for 127 gold pieces
  9541 | D:8      | Found a staircase to the Lair.
  9583 | D:8      | Slain by an acid dragon

Illustrated notes

Levels and vault maps discovered:
D:1:      shiori_arrival_maze, layout_basic, serial_rivers,
          chequers_serial_rivers_large_b, chequers_serial_rivers_room_b,
          chequers_serial_rivers_small_3, chequers_serial_rivers_micro_d
D:2:      layout_loops_ring, minmay_misc_feat_columns
D:3:      layout_basic, lemuel_zombie_altar_kikubaaqudgha,
          mainiacjoe_overflow_cross_hatched, ebering_ecumenical_altar_mist
D:4:      layout_cave_pools, minmay_temple_entry_mini_moons
D:5:      layout_loops_cross, nicolae_qazlal_general_emergency,
          lemuel_tele_altar, eino_small_chamber_without_monster,
          grunt_ministairs_3
D:6:      layout_basic, chequers_serial_rivers_room_b, minivault_23,
          uniq_eustachio
D:7:      layout_layer_cave, mainiacjoe_overflow_24_doors,
          nicolae_shop_unique_rings
D:8:      layout_gridville, makhleb_altar_promises_db,
          nicolae_overflow_crystal_walls, lair_entry_dummy, serial_shops,
          nicolae_shop_behind_doors

Skill      XL: |  1  2  3  4  5  6  7  8  9 |
---------------+----------------------------+-----
Polearms       | 3 4 5 6 8 9 |  9.1
Dodging        | 3 |  3.2
Fighting       | 4 5 6 7 8 |  8.0
Spellcasting   | 1 2 3 4 5 |  5.3
Necromancy     | 1 2 4 |  4.8
Stealth        | |  5.6

Action                     |  1- 3 |  4- 6 |  7- 9 || total
---------------------------+-------+-------+-------++-------
  Melee: Spear             |   160 |   332 |   134 ||   626
         Punch             |     1 |     6 |     5 ||    12
         Trident           |       |       |   426 ||   426
  Throw: Dart              |       |       |     7 ||     7
   Cast: Vampiric Draining |       |       |     4 ||     4
  Evoke: Wand              |       |       |     2 ||     2
    Use: Potion            |     1 |     9 |     4 ||    14
         Scroll            |     1 |     6 |    11 ||    18
   Stab: Sleeping          |    16 |    10 |     7 ||    33
         Distracted        |     1 |       |     2 ||     3
 Armour: Leather armour    |    34 |    54 |       ||    88
         Skin              |       |    12 |       ||    12
         Ring mail         |       |    22 |    62 ||    84
         Steam dragon scal |       |       |   129 ||   129
  Dodge: Dodged            |    88 |   156 |   358 ||   602
  Block: Buckler           |       |       |     8 ||     8
